Workbook
Name _01: [1]Opciones!$N$70:$N$76
Name _01: Opciones!$N$70:$N$76
Name _02: [1]Opciones!$N$78:$N$83
Name _02: Opciones!$N$78:$N$83
Name _03: [1]Opciones!$N$85:$N$89
Name _03: Opciones!$N$85:$N$89
Name _04: [1]Opciones!$N$91
Name _04: Opciones!$N$91
Name _05: #REF!
Name _06: #REF!
Name _07: #REF!
Name _09: #REF!
Name _1: [1]Opciones!$B$21:$B$32
Name _1: Opciones!$B$21:$B$32
Name _10: #REF!
Name _11: #REF!
Name _2: [1]Opciones!$B$33:$B$47
Name _2: Opciones!$B$33:$B$47
Name _201: #REF!
Name _202: #REF!
Name _208: #REF!
Name _211: #REF!
Name _212: #REF!
Name _214: #REF!
Name _215: #REF!
Name _3: [1]Opciones!$B$48:$B$52
Name _3: Opciones!$B$48:$B$52
Name _301: #REF!
Name _303: #REF!
Name _4: [1]Opciones!$B$53:$B$56
Name _4: Opciones!$B$53:$B$56
Name ANDE: [1]Opciones!#REF!
Name ANDE: Opciones!#REF!
Name ANNP: [1]Opciones!#REF!
Name ANNP: Opciones!#REF!
Name BCP: [1]Opciones!#REF!
Name BCP: Opciones!#REF!
Name CONACYT: [1]Opciones!#REF!
Name CONACYT: Opciones!#REF!
Name CONATEL: [1]Opciones!#REF!
Name CONATEL: Opciones!#REF!
Name COPACO: [1]Opciones!#REF!
Name COPACO: Opciones!#REF!
Name CSJ: [1]Opciones!#REF!
Name CSJ: Opciones!#REF!
Name DGEEC: [1]Opciones!#REF!
Name DGEEC: Opciones!#REF!
Name DINAC: [1]Opciones!#REF!
Name DINAC: Opciones!#REF!
Name DINACOPA: [1]Opciones!#REF!
Name DINACOPA: Opciones!#REF!
Name DNA: [1]Opciones!#REF!
Name DNA: Opciones!#REF!
Name ERSSAN: [1]Opciones!#REF!
Name ERSSAN: Opciones!#REF!
Name ESSAP: [1]Opciones!#REF!
Name ESSAP: Opciones!#REF!
Name FACEN: [1]Opciones!#REF!
Name FACEN: Opciones!#REF!
Name FCM: [1]Opciones!#REF!

Sheet Ficha_Tecnica
E5: Ficha técnica de Operaciones Estadísticas
B6: Se considera Operación Estadística (OE) al conjunto de actividades cuyo objetivo es: ® la producción original de datos primarios mediante recolección propia de datos (Por ejemplo, Censo Nacional Docente, Censo de Población y Vivienda, Encuestas a Hogares). ® la elaboración de estadísticas en base a datos administrativos originales (registros) (Por ejemplo, estadísticas vitales). ® la elaboración de resultados en base a datos secundarios (Por ejemplo, Estimador Mensual Industrial) y la recopilación de resultados y la confección de análisis y de síntesis (Por ejemplo, cuentas nacionales, tablas de mortalidad, anuarios). ® los trabajos de infraestructura y de normalización estadística (Por ejemplo, marcos muestrales, clasificadores y directorios). Se relevarán las OE que satisfagan, por lo menos uno de los siguientes criterios: ® deben existir datos recolectados o procesados del período en curso. ® son consideradas relevantes para el organismo o servicio responsable del Sistema Estadístico Nacional de cada Estado Parte, siempre que sus últimos datos procesados o información resultante estén disponibles y continúen vigentes para su consulta. (Por ejemplo, censos de población, económicos u otros de similar envergadura)
B22: A. IDENTIFICACIÓN
B24: 1. País:
B26: 2. Código de la Operación Estadística
B27: De uso interno (si corresponde)
B29: 3. Nombre oficial de la Operación Estadística:
B30: Especificar:
C33: 3.1 Indicar sigla, si existe:
B35: 4. Organismo responsable
C39: 4.1. ¿Participan otros organismos en esta operación?
C40: Especificar a los otros organismos que participan en la Operación Estadística indicando hasta tres, el nombre del
C41: o los organismos y el tipo de participación.
C44: 4.1.1. Nombre del/los Organismo/s:
C46: a.
C48: b.
C50: c.
C52: 4.1.2.Tipo de participación:
C53: Se puede marcar más de una opción
C68: 4.2. ¿La Operación Estadística se encuentra vinculada o contribuye a algún instrumento de planificación, monitoreo, evaluación, difusión o compromiso estadístico nacional/internacional?
C69: Se puede marcar más de una opción
B86: 5. Unidad responsable
B87: Es la unidad o ente estadístico de mayor jerarquía, responsable y promotor de la operación estadística.
B88: Especificar:
B95: 6. Área ejecutora
B96: Se refiere al área administrativa u orgánica cuya responsabilidad primaria es la realización de la OE.
B97: Especificar:
B100: 7. Marco normativo de creación de la Operación Estadística
B101: Consignar Ley, Decreto, Disposición u otra legislación de creación. Incluir su número y/o nombre específico.
B113: B. DESCRIPCIÓN DE LA OPERACIÓN ESTADÍSTICA
B115: 8. Tema | F115: Ver Clasificador
B116: Completar la temática de la operación estadística. De ser necesario, podrá agregar hasta dos temáticas más que
B117: completen la descripción. Dentro de cada tema podrá seleccionar más de un subtema.
B119: Seleccionar los códigos correspondientes de la “Clasificación Temática de Operaciones Estadísticas”.
C121: 8.1.1. Dominio | L121: =VLOOKUP(Opciones!$M$2,Opciones!$C$15:$D$18,2,FALSE) -> #N/A
A122: 8.1. | E122: 8.1.2. Tema | M122: =VLOOKUP(Datos!$AA$4,Opciones!$C$21:$D$56,2,FALSE) -> #N/A
E123: 8.1.3.a. Subtema | N123: =VLOOKUP(Datos!$AB$4,Opciones!$C$59:$D$127,2,FALSE) -> #N/A
E124: 8.1.3.b. Subtema | N124: =VLOOKUP(Datos!$AC$4,Opciones!$C$59:$D$127,2,FALSE) -> #N/A
E125: 8.1.3.c. Subtema | N125: =VLOOKUP(Datos!$AD$4,Opciones!$C$59:$D$127,2,FALSE) -> #N/A
C129: 8.2.1. Dominio | L129: =VLOOKUP($H$129,Opciones!$C$15:$D$18,2,FALSE) -> #N/A
A130: 8.2. | E130: 8.2.2. Tema | M130: =VLOOKUP(Datos!$AF$4,Opciones!$C$21:$D$56,2,FALSE) -> #N/A
E131: 8.2.3.a. Subtema | N131: =VLOOKUP(Datos!$AG$4,Opciones!$C$59:$D$127,2,FALSE) -> #N/A
E132: 8.2.3.b. Subtema | N132: =VLOOKUP(Datos!$AH$4,Opciones!$C$59:$D$127,2,FALSE) -> #N/A
E133: 8.2.3.c. Subtema | N133: =VLOOKUP(Datos!$AI$4,Opciones!$C$59:$D$127,2,FALSE) -> #N/A
C137: 8.3.1. Dominio | L137: =VLOOKUP($H$137,Opciones!$C$15:$D$18,2,FALSE) -> #N/A
A138: 8.3. | E138: 8.3.2. Tema | M138: =VLOOKUP(Datos!$AK$4,Opciones!$C$21:$D$56,2,FALSE) -> #N/A
E139: 8.3.3.a. Subtema | N139: =VLOOKUP(Datos!$AL$4,Opciones!$C$59:$D$127,2,FALSE) -> #N/A
E140: 8.3.3.b. Subtema | N140: =VLOOKUP(Datos!$AM$4,Opciones!$C$59:$D$127,2,FALSE) -> #N/A
E141: 8.3.3.c. Subtema | N141: =VLOOKUP(Datos!$AN$4,Opciones!$C$59:$D$127,2,FALSE) -> #N/A
B145: 9. Descriptores para búsqueda temática
B146: Expresar en una o dos palabras el/los conceptos que ayuden a especificar la temática consignada en el ítem anterior
B147: o que permitan la identificación de la OE en una búsqueda. (Por ejemplo, distribución del ingreso, salud reproductiva,
B148: adicciones, etc.)
B150: a. | M150: d. | X150: g. | AI150: ,
B152: b. | M152: e. | X152: h.
B154: c. | M154: f. | X154: i.
B165: 10. Objetivo general
B166: Hacer un resumen, de 5 líneas como máximo, de los objetivos generales más importantes de la OE.
B176: 11. Metodología de la Operación Estadística
B177: Se puede marcar una sola opción entre todas las opciones de los subítem.
C179: 11.1. Obtención directa de datos estadísticos (Censos y Encuestas)
C189: 11.2. Utilización de fuentes administrativas (Registros Administrativos)
C199: 11.3. Estadísticas derivadas y recopilaciones
AE201: Pase a ítem 15.2
C207: 11.4. Infraestructura estadística
AE210: Pase a ítem 16
C216: 11.5. Otras
AC219: Pase a ítem 16
B227: 12. Forma de recolección de datos
B228: Responder sólo cuando se haya seleccionado una de las opciones de los grupos 11.1 u 11.2.
B229: Se puede marcar más de una opción.
B238: 13. Población objetivo
B239: Responder sólo cuando se haya seleccionado una de las opciones de los grupos 11.1 u 11.2.
B240: Se refiere a la población que se está caracterizando con los datos estadísticos y para las cuales se hicieron las
B241: estimaciones. Está delimitada en términos de contenido, espacio y tiempo.
B243: Especificar:
B246: 14. Unidades de análisis
B247: Responder sólo cuando se haya seleccionado una de las opciones de los grupos 11.1 u 11.2.
B249: Corresponde a la entidad objeto de estudio sobre la que se presentan las conclusiones de la investigación.
B250: No deben referirse las unidades informantes, aunque en algunos casos puedan coincidir.
... B267: 15. Variables e Indicadores
C268: 15.1. Variables
B269: Responder sólo cuando se haya seleccionado una de las opciones de los grupos 11.1 u 11.2.
B271: Es una característica de una unidad que está siendo observada, que puede asumir uno o un conjunto de valores a los
B272: que se atribuye una medida numérica (por ejemplo, cantidad de hijos, ingresos) o una categoría de una clasificación
B273: (por ejemplo, sexo, nivel educativo).
B275: Expresar hasta 10 variables principales de la OE en su forma más general y simple, sin llegar a especificaciones
B276: exhaustivas o completas. Pueden incluirse variables simples (como edad) o construidas (como condición de actividad).
B278: a. | S278: f. | AI278: ,
B280: b. | S280: g.
B282: c. | S282: h.
B284: d. | S284: i.
B286: e. | S286: j.
M288: Pase a ítem 16
C296: 15.2. Indicadores elaborados
B297: Responder sólo cuando se haya seleccionado una de las opciones del grupo 11.3.
B299: Indicar el nombre de hasta 10 indicadores principales elaborados por esta OE.
B301: Por ejemplo: Porcentaje de mujeres de 14 años y más por patología, según edad; Índice de masculinidad;
B302: Ingresos medios por quintil; Tiempo de espera media de atención de una consulta y otros.
B304: a. | S304: f. | AI304: ,
...

Sheet Clasificador
A1: Clasificación Temática de Operaciones Estadísticas
A2: Estructura: dominios, temas y subtemas
A3: Las notas explicativas se presentan intercaladas según la necesidad.
A4: Códigos | D4: Dominio, Tema, Subtema | E4: Descripción
A5: DOMINIO | B5: TEMA | C5: SUBTEMA
A6: 1 | D6: Demografía y Estadísticas Sociales | E6: Comprende información sobre hogares, viviendas y población y las actividades derivadas de la participación de las personas en el ámbito social.
A7: 1 | B7: 01 | C7: 0 | D7: Población
A8: 1 | B8: 01 | C8: 1 | D8: Composición y distribución: | E8: Comprende información sobre características demográficas de la población, tamaño y estructura (por edad y sexo), distribución espacial de la población, densidad, urbanización.
A9: 1 | B9: 01 | C9: 2 | D9: Dinámica demográfica y estadísticas vitales: | E9: Comprende fecundidad, mortalidad, natalidad, nupcialidad, registro civil. También documentos de identidad, pasaporte y certificado de antecedente policial.
A10: 1 | B10: 01 | C10: 3 | D10: Migraciones: | E10: Comprende inmigración, emigración y todo tipo de migraciones (laboral, fronteriza, interna, internacional, estacional, etc.). También la población repatriada que precisa de los servicios. (Por ejemplo, connacionales en situación de vulnerabilidad en el exterior , población paraguaya retornada).
A11: 1 | B11: 01 | C11: 4 | D11: Familia y Hogares: | E11: Comprende estadísticas de composición y tamaño del hogar, relación de parentesco, etc.
D12: Excluye: | E12: Indicadores, síntesis y recopilaciones sobre las condiciones de vida de la población y los hogares, incluido en 3.02.0 Condiciones de vida y pobreza.
A14: 1 | B14: 02 | C14: 0 | D14: Género y grupos poblacionales
A15: 1 | B15: 02 | C15: 1 | D15: Género: | E15: Comprende estudios de género.
A16: 1 | B16: 02 | C16: 2 | D16: Grupos poblacionales específicos: | E16: Comprende información sobre segmentos de población agrupados por alguna característica común, por ejemplo la edad (niños, adolescentes, jóvenes), la etnia (pueblos originarios), las capacidades especiales (discapacidad/dificultades), etc.
A18: 1 | B18: 03 | C18: 0 | D18: Trabajo
A19: 1 | B19: 03 | C19: 1 | D19: Mercado de trabajo: | E19: Comprende fuerza de trabajo (población económicamente activa, empleo, desempleo, subempleo, etc.), trabajo remunerado y otras formas de trabajo, demanda laboral, vacantes de empleo, creación de empleo, competencias laborales, etc.
A20: 1 | B20: 03 | C20: 2 | D20: Condiciones de trabajo: | E20: Comprende horas trabajadas, rendimiento, precariedad laboral, accidentes y lesiones de trabajo, salud y enfermedad en el trabajo, problemas de salud relacionados con el trabajo, etc.
A21: 1 | B21: 03 | C21: 3 | D21: Relaciones laborales: | E21: Comprende convenios colectivos, conflictividad laboral; huelgas y cierres patronales, participación sindical, etc.
D22: Excluye: | E22: Ingresos de hogares, incluido en 1.06.1. Seguro de desempleo y beneficios de la protección social, incluido en 1.07.3. Actividades no remuneradas (voluntariado, quehaceres domésticos), incluido en 1.12.0 Uso del tiempo. Sector informal, incluido en 2.13.4. Salarios y otras remuneraciones, incluido en 2.15.0 Costo laboral.
A24: 1 | B24: 04 | C24: 0 | D24: Educación
A25: 1 | B25: 04 | C25: 1 | D25: Nivel de Educación: | E25: Matrícula (por ejemplo de Educación inicial, Educación Escolar Básica, Educación Media ,Formación Profesional, etc )
A26: 1 | B26: 04 | C26: 2 | D26: Acceso a la Educación
A27: 1 | B27: 04 | C27: 3 | D27: Rendimiento escolar: | E27: Repitencia, desgranamiento, evaluaciones de calidad.
A28: 1 | B28: 04 | C28: 4 | D28: Recursos en educación: | E28: Recursos humanos y financieros invertidos en educación, gestión de la educación.
A29: 1 | B29: 04 | C29: 5 | D29: Universidades: | E29: Información sobre alumnos, docentes, no docentes y carreras universitarias.
A30: 1 | B30: 04 | C30: 6 | D30: Educación no formal: | E30: Estadísticas sobre formación , capacitación profesional , tecnicaturas , educación para el trabajo, etc.
A32: 1 | B32: 05 | C32: 0 | D32: Salud
A33: 1 | B33: 05 | C33: 1 | D33: Morbilidad: | E33: Causas de muerte, enfermedades, morbimortalidad,, actividades epidemiológicas , etc.
A34: 1 | B34: 05 | C34: 2 | D34: Atención de la salud: | E34: Acceso y utilización de servicios de salud.
A35: 1 | B35: 05 | C35: 3 | D35: Recursos en salud: | E35: Camas, hospitales, recursos humanos.
A36: 1 | B36: 05 | C36: 4 | D36: Medicamentos: | E36: Consumo.
A37: 1 | B37: 05 | C37: 5 | D37: Prevención de la salud: | E37: Vacunación, seguridad alimentaria (humana y productos de origen animal), seguridad de reactivos, actividades epidemiológicas, etc.
A38: 1 | B38: 05 | C38: 6 | D38: Determinantes de la salud: | E38: Estilo de vida, tabaquismo, nutrición, alcoholismo, consumo de drogas.
A40: 1 | B40: 06 | C40: 0 | D40: Ingreso, gasto y consumo de los hogares
A41: 1 | B41: 06 | C41: 1 | D41: Ingresos de hogares: | E41: Comprende ingresos monetarios y no monetarios.
A42: 1 | B42: 06 | C42: 2 | D42: Gasto y consumo de los hogares: | E42: Gasto y consumo, deuda y equipamiento e inversiones de los hogares.
D43: Excluye: | E43: Pobreza multidimensional incluido en 3.02.0 Condiciones de vida y pobreza Condiciones de vida incluido en 3.02.0 Condiciones de vida y pobreza.
A45: 1 | B45: 07 | C45: 0 | D45: Protección social
A46: 1 | B46: 07 | C46: 1 | D46: Jubilaciones, pensiones y asignaciones familiares: | E46: Comprende aportantes y beneficiarios del sistema de previsión social.
A47: 1 | B47: 07 | C47: 2 | D47: Obras sociales: | E47: Incluye información sobre obras sociales y entidades de medicina prepaga.
A48: 1 | B48: 07 | C48: 3 | D48: Planes de protección social: | E48: Planes para la mitigación de la pobreza, la desigualdad y la minoridad y grupos en riesgo social (por ejemplo, seguro de desempleo, invalidez y vejez).
A49: 1 | B49: 07 | C49: 4 | D49: Riesgos del trabajo
D50: Excluye: | E50: Compañías de seguros y fondos de pensiones, incluidos en 2.08.2.
A52: 1 | B52: 08 | C52: 0 | D52: Vivienda | E52: Comprende estadísticas sobre tipo de vivienda, condición de ocupación de la vivienda, equipamiento de la vivienda, infraestructura básica de la vivienda.
D53: Excluye: | E53: Rentas o alquileres derivados de tenencia de propiedades incluido en 1.06.1 y hacinamiento incluido en 3.02.0 Condiciones de vida y pobreza.
A55: 1 | B55: 09 | C55: 0 | D55: Justicia y seguridad
A56: 1 | B56: 09 | C56: 1 | D56: Sistema judicial: | E56: Información sobre sentencias.
A57: 1 | B57: 09 | C57: 2 | D57: Delincuencia y Sistema penitenciario: | E57: Información sobre delitos: estadísticas sobre sistema carcelario, población penal, victimización, prevención del delito, información sobre efectivos policiales, justicia penal juvenil y de otras fuerzas de seguridad y equipamiento de las fuerzas de seguridad.
A58: 1 | B58: 09 | C58: 3 | D58: Derechos humanos: | E58: Discriminación, libertad de expresión, derecho a la identidad.
A59: 1 | B59: 09 | C59: 4 | D59: Accidentes: | E59: De tránsito, domésticos y otros accidentes; seguridad vial.
A61: 1 | B61: 10 | C61: 0 | D61: Cultura, Recreación y Deportes | E61: Comprende toda información sobre la producción y el consumo de bienes culturales y deportivos.
A62: 1 | B62: 10 | C62: 1 | D62: Circulación de diarios, libros, revistas
A63: 1 | B63: 10 | C63: 2 | D63: Cine, radio, TV y espectáculos
A64: 1 | B64: 10 | C64: 3 | D64: Museos, bibliotecas, congresos, exposiciones: | E64: Comprende: “Patrimonio” todo legado cultural y natural de carácter histórico, declarado por Ley de la República (por ejemplo, muebles, acerbo, registro, inmuebles).
A65: 1 | B65: 10 | C65: 4 | D65: Deportes y juegos de azar: | E65: Comprende información sobre espectáculos deportivos y juegos de azar y apuestas.
A66: 1 | B66: 10 | C66: 5 | D66: Industrias culturales: | E66: Producción de películas, programas de TV y radio, grabación de sonido, edición de música.
A68: 1 | B68: 11 | C68: 0 | D68: Administración pública; Participación política y social
A69: 1 | B69: 11 | C69: 1 | D69: Administración pública: | E69: Comprende estructura del estado; organización del estado.
A70: 1 | B70: 11 | C70: 2 | D70: Participación política y social: | E70: Comprende partidos políticos; sistema electoral; elecciones; organizaciones comunitarias, Actividades de las ONG, clubes, sociedades de fomento , así también la población general no organizada.
D71: Excluye: | E71: Participación sindical, incluido en 1.03.3.
A73: 1 | B73: 12 | C73: 0 | D73: Uso del tiempo | E73: Comprende información sobre el tiempo dedicado por las personas a otras actividades -excluidas aquellas de producción y consumo- tales como el trabajo no remunerado de quehaceres domésticos, cuidados personales, estudio, trabajo voluntario, actividades culturales y deportivas, tiempo dedicado a medios de comunicación de masa entre otros.
A75: 2 | D75: Estadísticas Económicas | E75: Comprende información sobre las actividades derivadas de la participación de empresas y otras organizaciones en los procesos de producción, distribución y consumo de bienes y servicios. Está también incluida la información sobre las actividades de apoyo relacionadas con estas actividades.
E76: Atención: la información sobre precios de cualquier temática se incluye en 2.12.0 Precios y los documentos metodológicos sobre los procedimientos estadísticos aplicados en cualquier tipo de OE se incluyen en 4.01.0 Metodología.
A78: 2 | B78: 01 | C78: 0 | D78: Estadísticas macroeconómicas
A79: 2 | B79: 01 | C79: 1 | D79: Cuentas nacionales: | E79: Comprende información de la oferta y demanda agregada, incluyendo indicadores como el PIB, PIB per cápita, la Renta Nacional Bruta, entre otros. Comprende además a las cuentas regionales.
A80: 2 | B80: 01 | C80: 2 | D80: Finanzas públicas: | E80: Comprende gasto público y financiación del estado. Se incluye presupuesto nacional.
A81: 2 | B81: 01 | C81: 3 | D81: Sector externo: | E81: Comprende estadísticas sobre el intercambio de bienes y servicios con el extranjero y la balanza de pagos.
A83: 2 | B83: 02 | C83: 0 | D83: Agricultura, Ganadería, Pesca y acuicultura, Producción forestal | E83: Comprende sector agropecuario, fincas agropecuarias, sector avícolas y biodiversidad.
A84: 2 | B84: 02 | C84: 1 | D84: Agricultura
A85: 2 | B85: 02 | C85: 2 | D85: Ganadería y animales de corral
A86: 2 | B86: 02 | C86: 3 | D86: Pesca y acuicultura
A87: 2 | B87: 02 | C87: 4 | D87: Producción forestal | E87: Comprende la reforestación, forestación, protección forestal, conservación de suelo, recursos forestales, investigación forestal, plantaciones, explotación forestal, etc.
D88: Excluye: | E88: Industria láctea, agroalimentaria, etc., incluida en 2.04.0 Industria de transformación / manufacturera .
A90: 2 | B90: 03 | C90: 0 | D90: Industrias extractivas | E90: Comprende estadísticas de minería, extracción de hidrocarburos y de otras actividades extractivas.
A92: 2 | B92: 04 | C92: 0 | D92: Industria de transformación / manufacturera | E92: Comprende la fabricación de bienes de consumo final e intermedio (agroalimentaria, indumentaria, automotriz, etc.); fabricación y reparación de equipos y maquinarias; impresión y reproducción de grabaciones y de libros.
A94: 2 | B94: 05 | C94: 0 | D94: Construcción | E94: Comprende la construcción de edificios y otras viviendas particulares y vivienda pública; construcción de carreteras, vías de ferrocarril, y otros servicios públicos; construcción de otras obras de ingeniería civil; Otras actividades de la construcción como la gestión pública de la vivienda (planes de vivienda).
A96: 2 | B96: 06 | C96: 0 | D96: Transporte | E96: Comprende el transporte de pasajeros y de carga por vías terrestre, acuática, aérea, tuberías (incluye información sobre empresas y usuarios). También se incluye información sobre empresas de correo postal y de mensajería, así como de empresas de almacenamiento y actividades de apoyo al transporte. Ejemplo: Tráfico de pasajeros, cargas y aeronaves registradas en el Aeropuerto. Importación y Exportación de mercaderías.
A98: 2 | B98: 07 | C98: 0 | D98: Comercio | E98: Comprende estadísticas sobre venta por mayor y menor de bienes y servicios; y sobre actividades de bares y restaurantes. Refiere al comercio interno.
D99: Excluye: | E99: Las operaciones del comercio exterior que están incluidas 2.01.3.
A101: 2 | B101: 08 | C101: 0 | D101: Finanzas, banca y seguros
A102: 2 | B102: 08 | C102: 1 | D102: Mercado financiero, Mercado monetario y Banca: | E102: Bolsa, mercado de capitales, acciones, títulos; divisas, tipo de cambio, oferta de moneda, tasas de interés, circulación monetaria y otros indicadores monetarios; depósitos, plazos fijos, préstamos.
A103: 2 | B103: 08 | C103: 2 | D103: Seguros
D104: Excluye: | E104: Beneficiarios de programas de seguridad social y pensiones, incluidos en 1.07.1.
A106: 2 | B106: 09 | C106: 0 | D106: Otros servicios | E106: Comprende información sobre actividades de consultoría y programación informática, colegios profesionales y actividad inmobiliaria, y otras actividades de servicios no incluidas anteriormente.
A108: 2 | B108: 10 | C108: 0 | D108: Energía
A109: 2 | B109: 10 | C109: 1 | D109: Petróleo, gas y otros combustibles: | E109: Comprende información económico-financiera de producción, consumo, empleo, entre otros aspectos.
A110: 2 | B110: 10 | C110: 2 | D110: Energía eléctrica: | E110: Comprende información económico-financiera de producción, consumo, empleo y uso de la energía; además balance energético, eficiencia, seguridad, abastecimiento, mercados y comercio de la energía y la energía renovable.
A112: 2 | B112: 11 | C112: 0 | D112: Turismo
A113: 2 | B113: 11 | C113: 1 | D113: Movimiento de turistas: | E113: Información sobre arribos y partidas, pernoctes ,volumen del turismo (emisivo y receptivo), turismo interno, etc.
A114: 2 | B114: 11 | C114: 2 | D114: Gastos de turistas: | E114: Tanto del turismo receptivo como del emisivo.
A115: 2 | B115: 11 | C115: 3 | D115: Actividad e infraestructura de la industria turística: | E115: Hoteles, establecimientos de alojamiento e información sobre agencias de viaje, capacidad de los establecimientos de alojamiento de Paraguay.
A116: 2 | B116: 11 | C116: 4 | D116: Cuenta satélite de turismo
D117: Excluye: | E117: Parques nacionales, reservas ecológicas u otras áreas protegidas, incluidos en 3.01.4.
A119: 2 | B119: 12 | C119: 0 | D119: Precios | E119: Incluye estadísticas sobre variaciones y precios de bienes y servicios minoristas y mayoristas, costos de la construcción y los precios de otros sectores de la economía.
D120: Excluye: | E120: Salarios como costo laboral incluido en 2.15.0 Costo laboral y Tasas de interés, incluido en 2.08.1.
A122: 2 | B122: 13 | C122: 0 | D122: Empresas y otras estadísticas económicas especiales
A123: 2 | B123: 13 | C123: 1 | D123: Empresas y Establecimientos: | E123: Comprenden empresas, unidades económicas y establecimientos que están registradas en Organismo Oficial. Ejemplo. Ministerio de Economía y Finanzas.
A124: 2 | B124: 13 | C124: 2 | D124: Entidades sin fines de lucro: | E124: ONG, Fundaciones, Cooperativas, etc. registradas en Organismo Oficial Ejemplo. Ministerio de Economía y Finanzas.
A125: 2 | B125: 13 | C125: 3 | D125: PYMES: | E125: Empresa pequeña o mediana en cuanto a volumen de ingresos, valor del patrimonio y número e trabajadores y están registradas en Organismo Oficial Ejemplo. Ministerio de Economía y Finanzas
...

Sheet Datos
A1: Nº | B1: Año | C1: Pais | D1: Codigo de la OE | E1: Nombre Oficial de la OE | F1: Siglas | G1: Organismo Responsable | H1: Participan otros organismos | I1: Nombre del Organismo Participante | L1: Tipo de Participación | S1: Unidad Responsable | T1: Area Ejecutora | U1: Marco Normativo | Z1: 8.1 | AE1: 8.2 | AJ1: 8.3 | AO1: Descriptores | AX1: Objetivo General | AY1: Metodologia de la OE | AZ1: 11.5 Otras, especificar | BA1: Forma de Recoleccion de Datos | BI1: Población Objetivo | BJ1: Unidad de analisis | BX1: Variables | CH1: Indicadores | CR1: Periodicidad de la recoleccion/ actualizacion | CS1: Periodicidad de la recoleccion / actualizacion REGULAR | DE1: Cobertura Geografica | DF1: Otras Coberturas Especificar | DG1: Nivel de desagregacion | DH1: Otro nivel de desagregacion Especificar | DI1: Año de referencia | DJ1: Año de Inicio con la metodologia | DK1: Tipo de difusion | DL1: 20.1. Difusión Pública | DO1: Link | DT1: Año de disponibilidad | DU1: Periodicidad de la difusion | DV1: Periodicidad de la difusion | EH1: Contacto 1 | EI1: Contacto 2 | EJ1: Telefono 1 | EK1: Telefono 2 | EL1: Correo electronico 1 | EM1: Correo electronico 2 | EN1: Observaciones
I2: Organismo 1 | J2: Organismo 2 | K2: Organismo 3 | L2: Aporte financiero | M2: Cooperacion Tecnica | N2: Recoleccion de datos | O2: Procesamiento de la base de datos | P2: Difusion de resultados | Q2: Otro tipo de aporte | R2: Especificar | U2: Ley | V2: Decreto | W2: Decision administrativa / Res. | X2: Otros | Y2: No posee legislacion | Z2: Dominio | AA2: Tema | AB2: Subtema1 | AC2: Subtema2 | AD2: Subtema3 | AE2: Dominio | AF2: Tema | AG2: Subtema1 | AH2: Subtema2 | AI2: Subtema3 | AJ2: Dominio | AK2: Tema | AL2: Subtema1 | AM2: Subtema2 | AN2: Subtema3 | AO2: Descrip_1 | AP2: Descrip_2 | AQ2: Descrip_3 | AR2: Descrip_4 | AS2: Descrip_5 | AT2: Descrip_6 | AU2: Descrip_7 | AV2: Descrip_8 | AW2: Descrip_9 | BA2: CASI | BB2: PASI | BC2: PAPI, CAPI | BD2: CATI, PATI | BE2: Uso de datos administrativos | BF2: Observacion directa de hechos o femonemos | BG2: Otras formas de recoleccion | BH2: Especificar otras formas | BJ2: 14.1 | BK2: 14.2 | BL2: 14.3 | BM2: 14.4 | BN2: 14.5 | BO2: 14.6 | BP2: 14.7 | BQ2: 14.8 | BR2: 14.9 | BS2: 14.10 | BT2: 14.11 | BU2: 14.12 | BV2: 14.13 | BW2: 14.13_Especificar | BX2: Var_1 | BY2: Var_2 | BZ2: Var_3 | CA2: Var_4 | CB2: Var_5 | CC2: Var_6 | CD2: Var_7 | CE2: Var_8 | CF2: Var_9 | CG2: Var_10 | CH2: Indic_1 | CI2: Indic_2 | CJ2: Indic_3 | CK2: Indic_4 | CL2: Indic_5 | CM2: Indic_6 | CN2: Indic_7 | CO2: Indic_8 | CP2: Indic_9 | CQ2: Indic_10 | CS2: 16.1.1 | CT2: 16.1.2 | CU2: 16.1.3 | CV2: 16.1.4 | CW2: 16.1.5 | CX2: 16.1.6 | CY2: 16.1.7 | CZ2: 16.1.8 | DA2: 16.1.9 | DB2: 16.1.10 | DC2: 16.1.11 | DD2: 16.1.11 Especificar | DL2: 20.1.1 | DM2: 20.1.2 | DN2: 20.1.3. | DO2: Resultados agregados | DP2: Microdatos | DQ2: Informacion georreferenciada | DR2: Metodología | DS2: Cuestionario | DV2: 22.1.1 | DW2: 22.1.2 | DX2: 22.1.3 | DY2: 22.1.4 | DZ2: 22.1.5 | EA2: 22.1.6 | EB2: 22.1.7 | EC2: 22.1.8 | ED2: 22.1.9 | EE2: 22.1.10 | EF2: 22.1.11 | EG2: 22.1.11 Especificar
A4: 1 | B4: =Ficha_Tecnica!#REF! -> #REF! | C4: 3 | E4: =CONCATENATE(Ficha_Tecnica!$R$29,Ficha_Tecnica!$B$31) | F4: =Ficha_Tecnica!$L$33 -> 0 | G4: =Ficha_Tecnica!$B$37 -> 0 | H4: 0 | I4: =IF(Datos!H4=1,Ficha_Tecnica!$D$46,"") | J4: =IF(Datos!H4=1,Ficha_Tecnica!$D$48,"") | K4: =IF(Datos!H4=1,Ficha_Tecnica!$D$50,"") | L4: =Opciones!$AD$56 | M4: =Opciones!$AD$57 | N4: =Opciones!$AD$58 | O4: =Opciones!$AD$59 | P4: =Opciones!$AD$60 | Q4: =Opciones!$AD$61 | R4: =IF(Q4=6,Ficha_Tecnica!$U$57," ") | S4: =Ficha_Tecnica!$B$89 -> 0 | T4: =Ficha_Tecnica!$B$98 -> 0 | U4: =Opciones!$AF$67 | V4: =Opciones!$AF$69 | W4: =Opciones!$AF$71 | X4: =Opciones!$AF$73 | Y4: =Opciones!$AF$75 | Z4: =Ficha_Tecnica!$H$121 -> 0 | AA4: =Opciones!$Q$3 -> 0.0 | AB4: =Opciones!$T$4 -> 0.0.0 | AC4: =Opciones!$T$5 -> 0 | AD4: =Opciones!$T$6 -> 0 | AE4: =Ficha_Tecnica!$H$129 -> 0 | AF4: =Opciones!$Q$13 -> 0.0 | AG4: =Opciones!$T$14 -> 0.0.0 | AH4: =Opciones!$T$15 -> 0 | AI4: =Opciones!$T$16 -> 0 | AJ4: =Ficha_Tecnica!$H$137 -> 0 | AK4: =Opciones!$Q$23 -> 0.0 | AL4: =Opciones!$T$24 -> 0.0.0 | AM4: =Opciones!$T$25 -> 0 | AN4: =Opciones!$T$26 -> 0 | AO4: =Ficha_Tecnica!$C$150 -> 0 | AP4: =Ficha_Tecnica!$C$152 -> 0 | AQ4: =Ficha_Tecnica!$C$154 -> 0 | AR4: =Ficha_Tecnica!$N$150 -> 0 | AS4: =Ficha_Tecnica!$N$152 -> 0 | AT4: =Ficha_Tecnica!$N$154 -> 0 | AU4: =Ficha_Tecnica!$Y$150 -> 0 | AV4: =Ficha_Tecnica!$Y$152 -> 0 | AW4: =Ficha_Tecnica!$Y$154 -> 0 | AX4: =Ficha_Tecnica!$B$168 -> 0 | AY4: 0 | AZ4: =IF(AY4=17,Ficha_Tecnica!$M$218,"") | BA4: =Opciones!$AN$80 | BB4: =Opciones!$AN$81 | BC4: =Opciones!$AN$82 | BD4: =Opciones!$AN$83 | BE4: =Opciones!$AN$84 | BF4: =Opciones!$AN$85 | BG4: =Opciones!$AN$86 | BH4: =IF(BG4=7,Ficha_Tecnica!$Q$236," ") | BI4: =Ficha_Tecnica!$B$244 -> 0 | BJ4: =Opciones!$AP$91 | BK4: =Opciones!$AP$92 | BL4: =Opciones!$AP$93 | BM4: =Opciones!$AP$94 | BN4: =Opciones!$AP$95 | BO4: =Opciones!$AP$96 | BP4: =Opciones!$AP$97 | BQ4: =Opciones!$AP$98 | BR4: =Opciones!$AP$99 | BS4: =Opciones!$AP$100 | BT4: =Opciones!$AP$101 | BU4: =Opciones!$AP$102 | BV4: =Opciones!$AP$103 | BW4: =IF(BV4=13,Ficha_Tecnica!$J$265,"") | BX4: =Ficha_Tecnica!$C$278 -> 0 | BY4: =Ficha_Tecnica!$C$280 -> 0 | BZ4: =Ficha_Tecnica!$C$282 -> 0 | CA4: =Ficha_Tecnica!$C$284 -> 0 | CB4: =Ficha_Tecnica!$C$286 -> 0 | CC4: =Ficha_Tecnica!$T$278 -> 0 | CD4: =Ficha_Tecnica!$T$280 -> 0 | CE4: =Ficha_Tecnica!$T$282 -> 0 | CF4: =Ficha_Tecnica!$T$284 -> 0 | CG4: =Ficha_Tecnica!$T$286 -> 0 | CH4: =Ficha_Tecnica!$C$304 -> 0 | CI4: =Ficha_Tecnica!$C$306 -> 0 | CJ4: =Ficha_Tecnica!$C$308 -> 0 | CK4: =Ficha_Tecnica!$C$310 -> 0 | CL4: =Ficha_Tecnica!$C$312 -> 0 | CM4: =Ficha_Tecnica!$T$304 -> 0 | CN4: =Ficha_Tecnica!$T$306 -> 0 | CO4: =Ficha_Tecnica!$T$308 -> 0 | CP4: =Ficha_Tecnica!$T$310 -> 0 | CQ4: =Ficha_Tecnica!$T$312 -> 0 | CR4: 0 | CS4: =Opciones!$AE$109 | CT4: =Opciones!$AE$110 | CU4: =Opciones!$AE$111 | CV4: =Opciones!$AE$112 | CW4: =Opciones!$AE$113 | CX4: =Opciones!$AE$114 | CY4: =Opciones!$AE$115 | CZ4: =Opciones!$AE$116 | DA4: =Opciones!$AE$117 | DB4: =Opciones!$AE$118 | DC4: =Opciones!$AE$119 | DD4: =IF(DC4=11,Ficha_Tecnica!$T$323," ") | DE4: =Opciones!$M$49 | DF4: =IF(DE4=8,Ficha_Tecnica!$P$339," ") | DG4: =Opciones!$M$53 | DH4: =IF(DG4=8,Ficha_Tecnica!$Q$356," ") | DI4: =IF(Opciones!$U$34>0,Opciones!U34,IF(Opciones!AF34=TRUE,"999"," ")) | DJ4: =Ficha_Tecnica!$U$369 -> 0 | DK4: 0 | DL4: =Opciones!$AO$125 | DM4: =Opciones!$AO$126 | DN4: =Opciones!$AO$127 | DO4: =Opciones!$W$41 | DP4: =Opciones!$W$42 | DQ4: =Opciones!$W$43 | DR4: =Opciones!$W$44 | DS4: =Opciones!$W$45 | DT4: =Ficha_Tecnica!$AC$398 -> 0 | DU4: 0 | DV4: =Opciones!$AE$133 | DW4: =Opciones!$AE$134 | DX4: =Opciones!$AE$135 | DY4: =Opciones!$AE$136 | DZ4: =Opciones!$AE$137 | EA4: =Opciones!$AE$138 | EB4: =Opciones!$AE$139 | EC4: =Opciones!$AE$140 | ED4: =Opciones!$AE$141 | EE4: =Opciones!$AE$142 | EF4: =Opciones!$AE$143 | EG4: =IF(EF4=11,Ficha_Tecnica!$T$408," ") | EH4: =Ficha_Tecnica!$B$417 -> 0 | EI4: =Ficha_Tecnica!$B$419 -> 0 | EJ4: =Ficha_Tecnica!$I$423 -> 0 | EK4: =Ficha_Tecnica!$T$423 -> 0 | EL4: =Ficha_Tecnica!$L$425 -> 0 | EM4: =Ficha_Tecnica!$W$425 -> 0 | EN4: =Ficha_Tecnica!B437 -> 0

Sheet Opciones
A1: Pais | B1: Descripción | C1: Código
B2: Argentina | C2: 1 | H2: 8.1.1. Dominio | M2: =Ficha_Tecnica!H121 -> 0
B3: Brasil | C3: 2 | F3: 8.1 | J3: 8.1.2. Tema | N3: =Ficha_Tecnica!I122 -> 0 | Q3: =CONCATENATE(M2,".",N3) -> 0.0
B4: Paraguay | C4: 3 | K4: 8.1.3. Subtema | P4: =Ficha_Tecnica!K123 -> 0 | R4: =CONCATENATE(M2,".",N3,".",P4) -> 0.0.0 | T4: =R4 -> 0.0.0
B5: Uruguay | C5: 4 | K5: 8.1.3. Subtema | P5: =Ficha_Tecnica!K124 -> 0 | R5: =CONCATENATE(M2,".",N3,".",P5) -> 0.0.0 | T5: =IF(P5=0,"0",R5) -> 0
B6: Venezuela | C6: 5 | K6: 8.1.3. Subtema | P6: =Ficha_Tecnica!K125 -> 0 | R6: =CONCATENATE(M2,".",N3,".",P6) -> 0.0.0 | T6: =IF(P6=0,"0",R6) -> 0
B7: Bolivia | C7: 6
A9: Participan otros organismos | B9: Descripción | C9: Código
B10: Si | C10: 1
B11: No | C11: 2
H12: 8.2.1. Dominio | M12: =Ficha_Tecnica!H129 -> 0
F13: 8.2 | J13: 8.2.2. Tema | N13: =Ficha_Tecnica!I130 -> 0 | Q13: =CONCATENATE(M12,".",N13) -> 0.0
C14: DOMINIO | K14: 8.2.3. Subtema | P14: =Ficha_Tecnica!K131 -> 0 | R14: =CONCATENATE(M12,".",N13,".",P14) -> 0.0.0 | T14: =R14 -> 0.0.0
C15: 1 | D15: 1. Demografía y Estadísticas Sociales | K15: 8.2.3. Subtema | P15: =Ficha_Tecnica!K132 -> 0 | R15: =CONCATENATE(M12,".",N13,".",P15) -> 0.0.0 | T15: =IF(P15=0,"0",R15) -> 0
C16: 2 | D16: 2. Estadísticas Económicas | K16: 8.2.3. Subtema | P16: =Ficha_Tecnica!K133 -> 0 | R16: =CONCATENATE(M12,".",N13,".",P16) -> 0.0.0 | T16: =IF(P16=0,"0",R16) -> 0
C17: 3 | D17: 3. Estadísticas del Medio Ambiente y Estadísticas de Múltiples Dominios
C18: 4 | D18: 4. Metodologías y Clasificaciones
C20: TEMA
B21: 1 | C21: 1.1 | D21: 1.01.0. Población
B22: 2 | C22: 1.2 | D22: 1.02.0. Género y grupos poblacionales | H22: 8.3.1. Dominio | M22: =Ficha_Tecnica!H137 -> 0
B23: 3 | C23: 1.3 | D23: 1.03.0. Trabajo | F23: 8.3 | J23: 8.3.2. Tema | N23: =Ficha_Tecnica!I138 -> 0 | Q23: =CONCATENATE(M22,".",N23) -> 0.0
B24: 4 | C24: 1.4 | D24: 1.04.0. Educación | K24: 8.3.3. Subtema | P24: =Ficha_Tecnica!K139 -> 0 | R24: =CONCATENATE(M22,".",N23,".",P24) -> 0.0.0 | T24: =R24 -> 0.0.0
B25: 5 | C25: 1.5 | D25: 1.05.0. Salud | K25: 8.3.3. Subtema | P25: =Ficha_Tecnica!K140 -> 0 | R25: =CONCATENATE(M22,".",N23,".",P25) -> 0.0.0 | T25: =IF(P25=0,"0",R25) -> 0
B26: 6 | C26: 1.6 | D26: 1.06.0. Ingreso, gasto y consumo de los hogares | K26: 8.3.3. Subtema | P26: =Ficha_Tecnica!K141 -> 0 | R26: =CONCATENATE(M22,".",N23,".",P26) -> 0.0.0 | T26: =IF(P26=0,"0",R26) -> 0
B27: 7 | C27: 1.7 | D27: 1.07.0. Protección social
B28: 8 | C28: 1.8 | D28: 1.08.0. Vivienda
B29: 9 | C29: 1.9 | D29: 1.09.0. Justicia y seguridad
B30: 10 | C30: 1.10 | D30: 1.10.0. Cultura, Recreación y Deportes
B31: 11 | C31: 1.11 | D31: 1.11.0. Administración pública; Participación política y social
B32: 12 | C32: 1.12 | D32: 1.12.0. Uso del tiempo | H32: 19. Año de Referencia y Año de Inicio de la OE
B33: 1 | C33: 2.1 | D33: 2.01.0. Estadísticas macroeconómicas
B34: 2 | C34: 2.2 | D34: 2.02.0. Agricultura, Ganadería, Pesca y acuicultura, Producción forestal | H34: 19.1 Referencia de los datos de la OE | U34: =Ficha_Tecnica!$P$367 -> 0 | AB34: No aplica | AF34: FALSE
B35: 3 | C35: 2.3 | D35: 2.03.0. Industrias extractivas
B36: 4 | C36: 2.4 | D36: 2.04.0. Industria de transformación / manufacturera | H36: 19.2 Inicio de la OE con la metodología vigente | X36: =Ficha_Tecnica!$U$369 -> 0
B37: 5 | C37: 2.5 | D37: 2.05.0. Construcción
B38: 6 | C38: 2.6 | D38: 2.06.0. Transporte
B39: 7 | C39: 2.7 | D39: 2.07.0. Comercio
B40: 8 | C40: 2.8 | D40: 2.08.0. Finanzas, banca y seguros | H40: 20. Tipo de difusión LINK
B41: 9 | C41: 2.9 | D41: 2.09.0. Otros servicios | J41: 20.1.3.1 | K41: FALSE | Q41: Resultados agregados: | W41: =IF(K41=TRUE,Ficha_Tecnica!$J$383,"")
B42: 10 | C42: 2.10 | D42: 2.10.0. Energía | J42: 20.1.3.2 | K42: FALSE | Q42: Microdatos: | W42: =IF(K42=TRUE,Ficha_Tecnica!$J$385,"")
B43: 11 | C43: 2.11 | D43: 2.11.0. Turismo | J43: 20.1.3.3 | K43: FALSE | Q43: Informacion georreferenciada: | W43: =IF(K43=TRUE,Ficha_Tecnica!$J$387,"")
B44: 12 | C44: 2.12 | D44: 2.12.0. Precios | J44: 20.1.3.4 | K44: FALSE | Q44: Metodología: | W44: =IF(K44=TRUE,Ficha_Tecnica!$J$389,"")
B45: 13 | C45: 2.13 | D45: 2.13.0. Empresas y otras estadísticas económicas especiales | J45: 20.1.3.5 | K45: FALSE | Q45: Cuestionario: | W45: =IF(K45=TRUE,Ficha_Tecnica!$J$391,"")
B46: 14 | C46: 2.14 | D46: 2.14.0. Ciencia, Tecnología e Innovación Productiva
B47: 15 | C47: 2.15 | D47: 2.15.0. Costo laboral
B48: 1 | C48: 3.1 | D48: 3.01.0. Medio ambiente | H48: 17. Cobertura geográfica
B49: 2 | C49: 3.2 | D49: 3.02.0. Condiciones de vida y pobreza | J49: 0 | M49: =IF(J49=1,1,IF(J49=2,2,IF(J49=3,5,IF(J49=4,6,IF(J49=5,7,IF(J49=6,8,IF(J49=7,9,IF(J49=0," "))))))))
B50: 3 | C50: 3.3 | D50: 3.03.0. Sociedad de la información
B51: 4 | C51: 3.4 | D51: 3.04.0. Emprendedorismo
B52: 5 | C52: 3.5 | D52: 3.05.0. Anuarios y compendios similares | H52: 18. Nivel de desagregación geográfica
B53: 1 | C53: 4.1 | D53: 4.01.0. Metodología | J53: 0 | M53: =IF(J53=1,1,IF(J53=2,2,IF(J53=3,5,IF(J53=4,6,IF(J53=5,7,IF(J53=6,8,IF(J53=7,9,IF(J53=0," "))))))))
B54: 2 | C54: 4.2 | D54: 4.02.0. Clasificaciones y nomenclaturas
B55: 3 | C55: 4.3 | D55: 4.03.0. Directorios y marcos muestrales | H55: 4.1.2.Tipo de participación:
B56: 4 | C56: 4.4 | D56: 4.04.0. Otros documentos técnicos | J56: Tipo de Participación | M56: 1 | N56: Aporte financiero | Y56: FALSE | AD56: =IF(Y56=TRUE,M56,"")
M57: 2 | N57: Cooperacion Tecnica | Y57: FALSE | AD57: =IF(Y57=TRUE,M57,"")
C58: SUBTEMA | M58: 3 | N58: Recoleccion de datos | Y58: FALSE | AD58: =IF(Y58=TRUE,M58,"")
B59: 1.1 | C59: 1.1.1 | D59: 1.01.1 Composición y distribución | E59: 1 | M59: 4 | N59: Procesamiento de la base de datos | Y59: FALSE | AD59: =IF(Y59=TRUE,M59,"")
C60: 1.1.2 | D60: 1.01.2 Dinámica demográfica y estadísticas vitales | E60: 2 | M60: 5 | N60: Difusion de resultados | Y60: FALSE | AD60: =IF(Y60=TRUE,M60,"")
C61: 1.1.3 | D61: 1.01.3 Migraciones | E61: 3 | M61: 6 | N61: Otro tipo de aporte | Y61: FALSE | AD61: =IF(Y61=TRUE,M61,"")
C62: 1.1.4 | D62: 1.01.4 Familia y Hogares | E62: 4 | Y62: FALSE
B63: 1.2 | C63: 1.2.1 | D63: 1.02.1 Género | E63: 1 | Y63: FALSE
C64: 1.2.2 | D64: 1.02.2 Grupos poblacionales específicos | E64: 2 | Y64: FALSE
B65: 1.3 | C65: 1.3.1 | D65: 1.03.1 Mercado de trabajo | E65: 1 | K65: 7. Marco normativo de creación de la Operación Estadística | Y65: FALSE
C66: 1.3.2 | D66: 1.03.2 Condiciones de trabajo | E66: 2 | R66: Marco Normativo | U66: 1 | V66: Ley | Y66: FALSE | AF66: FALSE
C67: 1.3.3 | D67: 1.03.3 Relaciones laborales | E67: 3 | V67: Nº y Nombre de Ley | Y67: FALSE | AF67: =IF(AF66=TRUE,Ficha_Tecnica!$F$103,"")
B68: 1.4 | C68: 1.4.1 | D68: 1.04.1 Nivel de Educación | E68: 1 | U68: 2 | V68: Decreto | AF68: FALSE
C69: 1.4.2 | D69: 1.04.2 Acceso a la Educación | E69: 2 | V69: Nº y Nombre de Decreto | AF69: =IF(AF68=TRUE,Ficha_Tecnica!$G$105,"")
C70: 1.4.3 | D70: 1.04.3 Rendimiento escolar | E70: 3 | N70: 0 | U70: 3 | V70: Decision administrativa / Res. | AF70: FALSE
C71: 1.4.4 | D71: 1.04.4 Recursos en educación | E71: 4 | I71: 1 | J71: =COUNTIF($E$59:$E$127,I71) -> 19 | K71: =COUNTIF(#REF!,I71) -> #REF! | N71: 1 | V71: Nº y Nombre de Decision | AF71: =IF(AF70=TRUE,Ficha_Tecnica!$M$107,"")
C72: 1.4.5 | D72: 1.04.5 Universidades | E72: 5 | I72: 2 | J72: =COUNTIF($E$59:$E$127,I72) -> 19 | K72: =COUNTIF(#REF!,I72) -> #REF! | N72: 2 | U72: 4 | V72: Otros | AF72: FALSE
C73: 1.4.6 | D73: 1.04.6 Educación informal | E73: 6 | I73: 3 | J73: =COUNTIF($E$59:$E$127,I73) -> 15 | K73: =COUNTIF(#REF!,I73) -> #REF! | N73: 3 | V73: Nº y Nombre de Otros | AF73: =IF(AF72=TRUE,Ficha_Tecnica!$Q$109,"")
B74: 1.5 | C74: 1.5.1 | D74: 1.05.1 Morbilidad | E74: 1 | I74: 4 | J74: =COUNTIF($E$59:$E$127,I74) -> 10 | K74: =COUNTIF(#REF!,I74) -> #REF! | N74: 4 | U74: 5 | V74: No posee legislacion | AF74: FALSE
C75: 1.5.2 | D75: 1.05.2 Atención de la salud | E75: 2 | I75: 5 | J75: =COUNTIF($E$59:$E$127,I75) -> 4 | K75: =COUNTIF(#REF!,I75) -> #REF! | N75: 5 | V75: No posee legislacion | AF75: =IF(AF74=TRUE,5,"")
C76: 1.5.3 | D76: 1.05.3 Recursos en salud | E76: 3 | I76: 6 | J76: =COUNTIF($E$59:$E$127,I76) -> 2 | K76: =COUNTIF(#REF!,I76) -> #REF! | N76: 6
C77: 1.5.4 | D77: 1.05.4 Medicamentos | E77: 4
C78: 1.5.5 | D78: 1.05.5 Prevención de la salud | E78: 5 | N78: 0
C79: 1.5.6 | D79: 1.05.6 Determinantes de la salud | E79: 6 | N79: 1 | Q79: 12. Forma de recolección de datos
B80: 1.6 | C80: 1.6.1 | D80: 1.06.1 Ingresos de hogares | E80: 1 | N80: 2 | R80: Forma de Recoleccion de Datos | U80: 1 | V80: CASI | AI80: FALSE | AN80: =IF(AI80=TRUE,U80,"")
C81: 1.6.2 | D81: 1.06.2 Gasto y consumo de los hogares | E81: 2 | N81: 3 | U81: 2 | V81: PASI | AI81: FALSE | AN81: =IF(AI81=TRUE,U81,"")
B82: 1.7 | C82: 1.7.1 | D82: 1.07.1 Jubilaciones, pensiones y asignaciones familiares | E82: 1 | N82: 4 | U82: 3 | V82: PAPI, CAPI | AI82: FALSE | AN82: =IF(AI82=TRUE,U82,"")
C83: 1.7.2 | D83: 1.07.2 Obras sociales | E83: 2 | N83: 5 | U83: 4 | V83: CATI, PATI | AI83: FALSE | AN83: =IF(AI83=TRUE,U83,"")
C84: 1.7.3 | D84: 1.07.3 Planes de protección social | E84: 3 | U84: 5 | V84: Uso de datos administrativos | AI84: FALSE | AN84: =IF(AI84=TRUE,U84,"")
C85: 1.7.4 | D85: 1.07.4 Riesgos del trabajo | E85: 4 | N85: 0 | U85: 6 | V85: Observacion directa de hechos o femonemos | AI85: FALSE | AN85: =IF(AI85=TRUE,U85,"")
B86: 1.9 | C86: 1.9.1 | D86: 1.09.1 Sistema judicial | E86: 1 | N86: 1 | U86: 7 | V86: Otras formas de recoleccion | AI86: FALSE | AN86: =IF(AI86=TRUE,U86,"")
C87: 1.9.2 | D87: 1.09.2 Delincuencia y Sistema penitenciario | E87: 2 | N87: 2
C88: 1.9.3 | D88: 1.09.3 Derechos humanos | E88: 3 | N88: 3
C89: 1.9.4 | D89: 1.09.4 Accidentes | E89: 4 | N89: 4
B90: 1.10 | C90: 1.10.1 | D90: 1.10.1 Circulación de diarios, libros, revistas | E90: 1 | Q90: 14. Unidades de análisis
C91: 1.10.2 | D91: 1.10.2 Cine, radio, TV y espectáculos | E91: 2 | N91: 0 | R91: Unidad de analisis | U91: 1 | V91: 14.1. Personas | AO91: FALSE | AP91: =IF(AO91=TRUE,U91,"")
C92: 1.10.3 | D92: 1.10.3 Museos, bibliotecas, congresos, exposiciones | E92: 3 | U92: 2 | V92: 14.2. Hogares, Familias, Unidades Domésticas | AO92: FALSE | AP92: =IF(AO92=TRUE,U92,"")
C93: 1.10.4 | D93: 1.10.4 Deportes y juegos de azar | E93: 4 | U93: 3 | V93: 14.3. Hechos Sociales | AO93: FALSE | AP93: =IF(AO93=TRUE,U93,"")
C94: 1.10.5 | D94: 1.10.5 Industrias culturales | E94: 5 | U94: 4 | V94: 14.4. Viviendas | AO94: FALSE | AP94: =IF(AO94=TRUE,U94,"")
B95: 1.11 | C95: 1.11.1 | D95: 1.11.1 Administración pública | E95: 1 | U95: 5 | V95: 14.5. Entidades sin fines de lucro | AO95: FALSE | AP95: =IF(AO95=TRUE,U95,"")
C96: 1.11.2 | D96: 1.11.2 Participación política y social | E96: 2 | U96: 6 | V96: 14.6. Establecimiento / Unidad local | AO96: FALSE | AP96: =IF(AO96=TRUE,U96,"")
B97: 2.1 | C97: 2.1.1 | D97: 2.01.1 Cuentas nacionales | E97: 1 | U97: 7 | V97: 14.7. Empresas | AO97: FALSE | AP97: =IF(AO97=TRUE,U97,"")
C98: 2.1.2 | D98: 2.01.2 Finanzas públicas | E98: 2 | U98: 8 | V98: 14.8. Productos / Producción o Precios de bienes y servicios | AO98: FALSE | AP98: =IF(AO98=TRUE,U98,"")
C99: 2.1.3 | D99: 2.01.3 Sector externo | E99: 3 | U99: 9 | V99: 14.9. Transacciones económicas y financieras | AO99: FALSE | AP99: =IF(AO99=TRUE,U99,"")
B100: 2.2 | C100: 2.2.1 | D100: 2.02.1 Agricultura | E100: 1 | U100: 10 | V100: 14.10. Organismos gubernamentales y políticos | AO100: FALSE | AP100: =IF(AO100=TRUE,U100,"")
C101: 2.2.2 | D101: 2.02.2 Ganadería y animales de corral | E101: 2 | U101: 11 | V101: 14.11. Fenómenos y recursos naturales | AO101: FALSE | AP101: =IF(AO101=TRUE,U101,"")
C102: 2.2.3 | D102: 2.02.3 Pesca y acuicultura | E102: 3 | U102: 12 | V102: 14.12. Áreas geográficas | AO102: FALSE | AP102: =IF(AO102=TRUE,U102,"")
...
